 Dungeon Crawl Stone Soup version 0.26-a0-540-g8a0c9464d7 (webtiles) character file.

Game seed: 14502035695515784848

7 hickop the Grave Robber (level 1, -2/10 HPs)
             Began as a Deep Elf Necromancer on Aug 17, 2020.
             Slain by a jackal (3 damage)
             ... on level 1 of the Dungeon.
             The game lasted 00:02:19 (250 turns).

hickop the Grave Robber (Deep Elf Necromancer)       Turns: 250, Time: 00:02:20

Health: -2/10      AC:  2    Str:  4 (5)  XL:     1   Next: 83%
Magic:  3/6        EV: 13    Int: 16 (19) God:
Gold:   0          SH:  0    Dex: 13 (15) Spells: 5/6 levels left

rFire    . . .     SeeInvis .   (no weapon)
rCold    . . .     Faith    .   (no shield)
rNeg     . . .     Spirit   .   a - +0 robe
rPois    .         Reflect  .   (no helmet)
rElec    .         Harm     .   (no cloak)
rCorr    .                      (no gloves)
MR       .....                  (no boots)
Stlth    ++........             (no amulet)
HPRegen  0.03/turn              (no ring)
MPRegen  0.10/turn              (no ring)

@: no status effects
A: no striking features
a: no special abilities


You were on level 1 of the Dungeon.
You visited 1 branch of the dungeon, and saw 1 of its levels.

Inventory:

Missiles
 c - 12 stones (quivered)
Armour
 a - a +0 robe (worn)


   Skills:
 + Level 0.4 Throwing
 + Level 2.8 Dodging
 + Level 2.4 Stealth
 + Level 3.0 Spellcasting
 + Level 5.0 Necromancy


You had 5 spell levels left.
You knew the following spells:

 Your Spells              Type           Power        Failure   Level
a - Pain                  Necr           ###.         2%          1

Your spell library contained the following spells:

 Spells                   Type           Power        Failure   Level
 Animate Skeleton         Necr           ###...       2%          1
 Vampiric Draining        Necr           ###.......   7%          3
 Animate Dead             Necr           ###.......   24%         4
 Agony                    Necr           ###.....     54%         5


Dungeon Overview and Level Annotations

Branches:
Dungeon (1/15)

Altars:


Message History

Found 15 stones.
The jackal barely misses you.
It was a potion of degeneration.
There was something very wrong with that liquid.
You feel weakened.
You feel dopey.
You feel clumsy. The jackal misses you. The jackal barely misses you.
You aren't carrying any scrolls.
The jackal bites you but does no damage.
Casting: Pain (safe; 2% risk of failure)
Confirm with . or Enter, or press ? or * to list all spells.
Aiming: Pain (safe; 2% risk of failure)
Press: ? - help, Shift-Dir - straight line, f/p - jackal
Aim: a jackal (chance to defeat MR: 89%)
The jackal writhes in agony.
The jackal closely misses you. The jackal misses you. The jackal bites you.
* * * LOW HITPOINT WARNING * * *
The jackal barely misses you. The jackal bites you.
You die...

#...#.## ....... ..
#..g#..##.##...( ...
#...#...........
...>#...#..........
....#..g#........#
..........#...####
.....(...g##..#
.......".h##..#######
.......!..@##.......#
.##........##>......#
########.##.......#
#.##.......#######
#((...............
###...............
#..#############
#.#.#### ###
#.##...### ###..


You could see a jackal, a hobgoblin and a goblin.

Vanquished Creatures
  A dart slug (D:1)
  A hobgoblin (D:1)
  A jackal (D:1)
  2 bats (D:1)
5 creatures vanquished.

Notes
Turn   | Place    | Note
-------+----------+-------------------------------------------
     0 | D:1      | hickop the Deep Elf Necromancer began the quest for the
                  | Orb.
     0 | D:1      | Reached XP level 1. HP: 10/10 MP: 6/6
    39 | D:1      | Reached skill level 5 in Necromancy
   250 | D:1      | Slain by a jackal

Illustrated notes

Levels and vault maps discovered:
D:1:      dpeg_arrival_simpleton_a, layout_basic

Skill      XL: |  1 |
---------------+----+-----
Necromancy     | 5 |  5.0
Throwing       | |  0.4
Dodging        | |  2.8
Stealth        | |  2.4
Spellcasting   | |  3.0

Action                   || total
-------------------------++-------
Melee: Unarmed           ||     1
Throw: Stone             ||    10
 Cast: Pain              ||    10
  Use: Potion            ||     1
Armor: Robe              ||     6
Dodge: Dodged            ||    21

Table legend: (Time is in decaauts)
 A = Elapsed time spent in this place.
 B = Non-inter-level travel time spent in this place.
 C = Inter-level travel time spent in this place.
 D = Time resting spent in this place.
 E = Time spent auto-exploring this place.
 F = Levels seen in this place.
 G = Mean time per level.
                   A        B        C        D        E       F      G
               +--------+--------+--------+--------+--------+-----+--------+
         Total |    250 |    250 |      0 |    155 |      0 |   1 |  250.0 |
       Dungeon |    250 |    250 |      0 |    155 |      0 |   1 |  250.0 |
               +--------+--------+--------+--------+--------+-----+--------+

Top non-repeatable levels by time:
     D:1: 250 daAuts
